 Dungeon Crawl Stone Soup version 0.31-a0-1236-gaa9e43cceb (webtiles) character file.

Game seed: 9020348380657211462

54 Bnni the Shooter (level 3, -1/18 HPs)
             Began as a Spriggan Hunter on Dec 15, 2023.
             Killed from afar by Natasha (9 damage)
             ... with a magic dart
             ... on level 2 of the Dungeon.
             The game lasted 00:00:48 (819 turns).

Bnni the Shooter (Spriggan Hunter)                   Turns: 819, Time: 00:00:48

Health: -1/18      AC:  2    Str:  7    XL:     3   Next: 66%
Magic:  4/4        EV: 18    Int: 10    God:
Gold:   57         SH:  0    Dex: 20    Spells: 2/2 levels left

rFire   . . .        a - +0 shortbow
rCold   . . .        (shield currently unavailable)
rNeg    . . .        c - +0 robe
rPois   .            (helmet restricted)
rElec   .            (no cloak)
rCorr   .            (gloves unavailable)
SInv    +            (boots unavailable)
Will    .....        (no amulet)
Stlth   ++           (no ring)
HPRegen 0.23/turn    (no ring)
MPRegen 0.09/turn

%: no passive effects
@: slowed, quick
A: very small, no large weapons, unfitting armour, see invisible, speed 3
a: no special abilities


You were on level 2 of the Dungeon.
You visited 1 branch of the dungeon, and saw 2 of its levels.

You collected 57 gold pieces.

Inventory:

Hand Weapons
 a - a +0 shortbow (weapon)
Armour
 c - a +0 robe (worn)
Wands
 k - a wand of charming (12)
Scrolls
 b - a scroll of butterflies
 d - a scroll of blinking {unknown}
 e - a scroll of fog {unknown}
 g - 2 scrolls of teleportation {unknown}
 i - a scroll of immolation {unknown}
 l - 2 scrolls of vulnerability {unknown}
Potions
 f - a potion of might {unknown}
 h - a potion of curing {unknown}
 j - a potion of degeneration {unknown}


   Skills:
 + Level 2.1 Fighting
 * Level 4.7 Ranged Weapons
 + Level 3.5 Dodging
 - Level 1.5 Stealth


You had 2 spell levels left.
You didn't know any spells.
Your spell library was empty.

Dungeon Overview and Level Annotations

Branches:
Dungeon (2/15)

Altars:

Annotations:
D:2 Natasha, Terence


Innate Abilities, Weirdness & Mutations

You are very small and have problems with some larger weapons.
You are too small for most types of armour.
You have supernaturally acute eyesight. (SInv)
You cover ground extremely quickly. (Speed+++)


Message History

You feel yourself slow down. The cerulean imp completely misses you.
Natasha closely misses you.
You shoot an arrow. The arrow closely misses Natasha.
The cerulean imp misses you. Natasha misses you.
The cerulean imp closely misses you.
You shoot an arrow. The arrow hits Natasha.
You kill Natasha!
Natasha screams in fury as she dies!
The cerulean imp disappears in a puff of smoke!
No target in view!
You start waiting.
Natasha, Servant of Life and Death comes into view.
She is carrying a wand of flame.
Natasha hisses angrily.
You shoot an arrow. The arrow hits Natasha.
Natasha is moderately wounded.
You feel yourself speed up.
Natasha zaps a wand.
The puff of flame hits you!
Ouch! That really hurt!
You are too injured to fight recklessly!
You are too injured to fight recklessly!
Unknown command.
Fire: a) +0 shortbow
Press: ? - help, Shift-Dir - straight line, f/p - Natasha
Aim: Natasha, carrying a wand of flame (moderately wounded, 59% to hit)
You shoot an arrow.
The arrow hits Natasha but does no damage.
Natasha is moderately wounded.
Natasha hisses.
Fire: a) +0 shortbow
Press: ? - help, Shift-Dir - straight line, f/p - Natasha
Aim: Natasha, carrying a wand of flame (moderately wounded, 59% to hit)
You shoot an arrow. The arrow hits Natasha.
Natasha is severely wounded.
Natasha casts a spell at you.
You feel yourself slow down. Natasha casts a spell at you.
The magic dart hits you!
Ouch! That really hurt!
You die...
Natasha begins licking her fur clean.

.........#.#.#
#.$.........#.#.#
#...........#...#
#...........#...#
#..........>....#
...........#.###
#..######.#...##
#.†######.###..#
#....h@........#
#######.######.###..#
....†........#.#....#
#######.####.#.##.#.#
#.# #......#.# #.#
####.###.#
#.#..............
###.#.############[
....#.#..


You could see Natasha.

Vanquished Creatures
  Natasha (D:2)
  An adder (D:2)
  2 dart slugs (D:1)
  A giant cockroach (D:1)
  2 hobgoblins
  3 jackals (D:2)
  2 kobolds
  A ball python (D:1)
  2 bats
  2 rats
17 creatures vanquished.

Notes
Turn   | Place    | Note
-------+----------+-------------------------------------------
     0 | D:1      | Bnni the Spriggan Hunter began the quest for the Orb.
     0 | D:1      | Reached XP level 1. HP: 10/10 MP: 2/2
    57 | D:1      | You fall into a shaft and drop 1 floor!
   198 | D:1      | Reached XP level 2. HP: 15/15 MP: 3/3
   508 | D:2      | Noticed Terence
   754 | D:2      | Reached XP level 3. HP: 18/18 MP: 4/4
   792 | D:2      | Noticed Natasha
   800 | D:2      | Killed Natasha
   815 | D:2      | Noticed Natasha
   819 | D:2      | Killed from afar by Natasha

Illustrated notes

Levels and vault maps discovered:
D:1:      dpeg_arrival_pits, layout_rooms
D:2:      cheibrodos_fertilizer, layout_basic, uniq_terence, uniq_natasha

Skill      XL: |  1  2 |
---------------+-------+-----
Dodging        | 3 |  3.5
Fighting       | 2 |  2.1
Ranged Weapons | |  4.7
Stealth        | |  1.5

Action                     || total
---------------------------++-------
   Fire: Shortbow          ||    57
 Armour: Robe              ||     7
  Dodge: Dodged            ||    14

Table legend: (Time is in decaauts)
 A = Elapsed time spent in this place.
 B = Non-inter-level travel time spent in this place.
 C = Inter-level travel time spent in this place.
 D = Time resting spent in this place.
 E = Time spent auto-exploring this place.
 F = Levels seen in this place.
 G = Mean time per level.
                   A        B        C        D        E       F      G
               +--------+--------+--------+--------+--------+-----+--------+
         Total |    557 |    529 |     28 |     19 |    399 |   2 |  278.5 |
       Dungeon |    557 |    529 |     28 |     19 |    399 |   2 |  278.5 |
               +--------+--------+--------+--------+--------+-----+--------+

Top non-repeatable levels by time:
     D:1: 304 daAuts
     D:2: 252 daAuts
